 Dungeon Crawl Stone Soup version 0.32-a0-128-g77eb882913 (webtiles) character file.

Game seed: 14200609950785879839

1738 BubbleThief the Trooper (level 9, -1/74 (82) HPs)
             Began as a Naga Cinder Acolyte on Feb 7, 2024.
             Was a High Priest of Ignis.
             Slain by a wight
             ... wielding a +5 scimitar
              (14 damage)
             ... on level 7 of the Dungeon.
             The game lasted 00:08:57 (6183 turns).

BubbleThief the Trooper (Naga Cinder Acolyte)       Turns: 6183, Time: 00:08:58

HP:   -1/74 (82)    AC:  4    Str: 19    XL:     9   Next: 5%
MP:   3/15          EV: 14    Int: 17    God:    Ignis [*****.]
Gold: 314           SH:  0    Dex:  6    Spells: 11/17 levels left

rFire   + . .        a - -1 hand axe (flame)
rCold   . . .        (no shield)
rNeg    . . .        b - +0 robe
rPois   +            (no helmet)
rElec   .            (no cloak)
rCorr   .            (no gloves)
SInv    +            (no barding)
Will    +....        s - amulet of regeneration
Stlth   +            e - ring of wizardry
HPRegen 1.12/turn    t - +5 ring of evasion
MPRegen 0.14/turn

%: wizardry (x1)
@: drained, very slow
A: AC +3, large, see invisible, deformed body, poison resistance, slowness 2,
spit poison 1, naga tail 1
a: Spit Poison, Renounce Religion, Fiery Armour, Foxfire Swarm, Rising Flame


You were on level 7 of the Dungeon.
You worshipped Ignis.
Ignis was extremely pleased with you.
You visited 1 branch of the dungeon, and saw 7 of its levels.

You collected 314 gold pieces.

Inventory:

Hand Weapons
 a - a -1 hand axe of flaming (weapon)
Armour
 b - a +0 robe (worn)
Jewellery
 e - a ring of wizardry (left hand)
 s - an amulet of regeneration (around neck)
 t - a +5 ring of evasion (right hand)
Wands
 v - a wand of iceblast (9)
 w - a wand of charming (3)
Scrolls
 d - 5 scrolls of teleportation {unknown}
 g - a scroll of vulnerability {unknown}
 i - 9 scrolls of identify {unknown}
 j - 2 scrolls of enchant armour {unknown}
 k - a scroll of noise {unknown}
 l - a scroll of amnesia {unknown}
 m - a scroll of fear {unknown}
 u - a scroll of fog {unknown}
Potions
 c - 2 potions of might {unknown}
 f - 3 potions of attraction
 h - 3 potions of lignification {unknown}
 n - 4 potions of curing
 o - a potion of brilliance {unknown}
 p - 3 potions of heal wounds {unknown}
 q - a potion of mutation {unknown}
 r - a potion of degeneration {unknown}
 x - a potion of berserk rage {unknown}
 z - a potion of cancellation {unknown}


   Skills:
 + Level 5.8 Fighting
 + Level 5.8 Axes
 + Level 4.5 Spellcasting
 + Level 5.8 Fire Magic
 + Level 5.8 Alchemy


You had 11 spell levels left.
You knew the following spells:

 Your Spells              Type           Power      Damage    Failure   Level
a - Scorch                Fire           46%        2d6       1%          2
b - Sticky Flame          Fire/Alch      23%        2d6       6%          4

Your spell library contained the following spells:

 Spells                   Type           Power      Damage    Failure   Level
 Slow                     Hex            12%        N/A       6%          1
 Confusing Touch          Hex            3%         N/A       17%         3
 Sigil of Binding         Hex            3%         N/A       17%         3
 Tukima's Dance           Hex            3%         N/A       17%         3
 Vampiric Draining        Necr           3%         2d6       17%         3
 Cause Fear               Hex            1%         N/A       50%         4
 Dimensional Bullseye     Hex/Tloc       1%         N/A       50%         4
 Iskenderun's Mystic Bla  Conj/Tloc      3%         2d3       50%         4
 Plasma Beam              Fire/Air       6%         2x1d17    93%         6
 Chain Lightning          Conj/Air       1%         3d2       100%        9
 Fire Storm               Conj/Fire      6%         8d2       100%        9
 Shatter                  Erth           1%         3d6*      100%        9


Dungeon Overview and Level Annotations

Branches:
Dungeon (7/15)             Temple (0/1) D:7

Altars:
Kikubaaqudgha
Uskayaw
Vehumet
Xom
Yredelemnul

Shops:
D:5 *:

Annotations:
D:4 exclusion: statue
D:5 2 transporters, zenocrate's ghost, weakling KoDe


Innate Abilities, Weirdness & Mutations

Your serpentine skin is tough. (AC +3)
You have supernaturally acute eyesight. (SInv)
Armour fits poorly on your strangely shaped body.
Your system is resistant to poisons. (rPois)
You cover ground very slowly.
You can spit poison.
You have a snake-like lower body.


Message History

Increase (S)trength, (I)ntelligence, or (D)exterity?
You feel clever. x2; Your skin feels tougher.
Casting: Sticky Flame (dangerous; 6% risk of failure)
Confirm with . or Enter, or press ? or * to list all spells.
Aiming: Sticky Flame (dangerous; 6% risk of failure)
Press: ? - help, Shift-Dir - straight line, f - wight
Aim: a wight, wielding a +0 dire flail and wearing a +0 robe The sticky flame hits the wight.
The wight is moderately damaged.
The wight burns!
The wight barely misses you.
Unknown command.
You completely miss the wight. Your punch misses the wight.
The wight is heavily damaged.
The wight burns!
You destroy the wight!
Unknown command.
Casting: Sticky Flame (dangerous; 6% risk of failure)
Confirm with . or Enter, or press ? or * to list all spells.
You don't have enough magic to cast this spell.
A wight is nearby!
Unknown command.
You closely miss the wight. You punch the wight.
The wight is lightly damaged.
The wight hits you with a +5 scimitar!
You feel drained. The wight hits you with a +5 scimitar.
You feel drained.
You completely miss the wight.
The wight is lightly damaged.
The wight hits you with a +5 scimitar!
You hit the wight but do no damage.
The wight is lightly damaged.
The wight hits you with a +5 scimitar!
You hit the wight. You burn the wight.
The wight is moderately damaged.
The wight hits you with a +5 scimitar!
* * * LOW HITPOINT WARNING * * *
You hit the wight. You burn the wight.
The wight is heavily damaged.
The wight hits you with a +5 scimitar!
You die...
Ignis goes out, and joins you in death.

#.....# ###.....
#.....# #.....
#.....# #..... +#
####### #.....
...
############.....
....
#..........'.....
...<.
#...########.....
......##...#
####..
......z@...# #..
......###### #..
..... #.. ....
#.. ... #.. ..
#.. # #.. ##. #.


You could see a wight.

Vanquished Creatures
  2 water moccasins
  An ice beast (D:5)
  A black bear (D:4)
  An ogre (D:6)
  2 centaurs
  2 scorpions
  6 wights
  2 orc priests (D:7)
  A gnoll bouda (D:5)
  4 hounds
  2 jellies
  Jessica (D:3)
  An iguana (D:6)
  A sleepcap (D:5)
  A scorpion zombie (D:3)
  An orc wizard (D:7)
  A hound zombie (D:3)
  9 gnolls (D:5)
  8 adders
  A white imp (D:6)
  An adder zombie (D:3)
  2 dart slugs
  3 ribbon worms
  9 orcs
  4 ball pythons
  6 endoplasms
  7 giant cockroaches
  9 goblins
  3 hobgoblins
  4 kobolds
  2 quokkas
  3 bats
  2 frilled lizards
  2 rats
105 creatures vanquished.

Notes
Turn   | Place    | Note
-------+----------+-------------------------------------------
     0 | D:1      | BubbleThief the Naga Cinder Acolyte began the quest for the
                  | Orb.
     0 | D:1      | Reached XP level 1. HP: 21/21 MP: 2/2
   220 | D:1      | Reached XP level 2. HP: 28/28 MP: 3/3
   262 | D:1      | Learned a level 2 spell: Scorch
  1207 | D:2      | Reached XP level 3. HP: 34/34 MP: 5/5
  1414 | D:2      | Reached XP level 4. HP: 10/42 MP: 0/6
  1627 | D:2      | Found a shimmering altar of Xom.
  1983 | D:3      | Got the Folio of Flamy Charms
  1989 | D:3      | Learned a level 4 spell: Sticky Flame
  2346 | D:3      | Noticed Jessica
  2349 | D:3      | Killed Jessica
  2350 | D:3      | Reached skill level 1 in Alchemy
  2493 | D:3      | Reached XP level 5. HP: 43/50 MP: 4/8
  2565 | D:3      | Found a basalt altar of Yredelemnul.
  2690 | D:4      | Noticed a black bear
  2801 | D:4      | Killed a black bear
  2802 | D:4      | Reached XP level 6. HP: 52/57 MP: 0/9
  3280 | D:4      | Found a radiant altar of Vehumet.
  3472 | D:5      | Entered Level 5 of the Dungeon
  3478 | D:5      | Found Feimoh's Serpentskin Sales.
  3490 | D:5      | Noticed an ice beast
  3495 | D:5      | Killed an ice beast
  3496 | D:5      | Reached XP level 7. HP: 56/66 MP: 0/11
  3602 | D:5      | Found Wainkite's Book Boutique.
  3617 | D:5      | Noticed zenocrate's ghost (weakling KoDe)
  3655 | D:5      | Found a transporter.
  3658 | D:5      | Found a transporter.
  4121 | D:5      | Found an ancient bone altar of Kikubaaqudgha.
  4500 | D:5      | Reached XP level 8. HP: 73/73 MP: 10/13
  4605 | D:6      | Reached skill level 5 in Fighting
  4605 | D:6      | Reached skill level 5 in Axes
  4605 | D:6      | Reached skill level 5 in Fire Magic
  4979 | D:6      | Reached skill level 5 in Alchemy
  5397 | D:7      | Found a hide-covered altar of Uskayaw.
  5847 | D:7      | Found a staircase to the Ecumenical Temple.
  6177 | D:7      | Reached XP level 9. HP: 58/76 MP: 6/15
  6183 | D:7      | Slain by a wight

Illustrated notes

Levels and vault maps discovered:
D:1:      scummos_arrival_checkerplants, layout_basic, minmay_misc_feat_alley
D:2:      layout_basic, basic_altar, minivault_26
D:3:      layout_basic, nicolae_yredelemnul_corpse_copse, bh_walls_and_bars,
          uniq_jessica
D:4:      layout_cave_pools, vehumet_statue
D:5:      layout_basic, kennysheep_little_box, serial_shops, nicolae_shop_trees,
          gammafunk_ghost_hive, guppyfry_shop_venom
D:6:      layout_rooms
D:7:      layout_basic, eat_drink_and_be_merry_uskayaw,
          minmay_temple_entry_junction, nicolae_nh_ransacked_shop

Skill      XL: |  1  2  3  4  5  6  7  8 |
---------------+-------------------------+-----
Spellcasting   | 2 3 4 |  4.5
Alchemy        | 1 2 3 4 5 |  5.8
Fighting       | 4 5 |  5.8
Axes           | 4 5 |  5.8
Fire Magic     | 4 5 |  5.8

Action                     |  1- 3 |  4- 6 |  7- 9 || total
---------------------------+-------+-------+-------++-------
  Melee: Hand axe          |    34 |    50 |    72 ||   156
         Punch             |     3 |       |     6 ||     9
   Cast: Scorch            |    15 |    31 |    52 ||    98
         Sticky Flame      |       |       |     8 ||     8
 Invoke: Fiery Armour      |       |       |     1 ||     1
Ability: Spit Poison       |    22 |    22 |    26 ||    70
    Use: Potion            |       |       |     2 ||     2
 Armour: Robe              |    26 |    43 |    66 ||   135
  Dodge: Dodged            |    14 |    40 |    85 ||   139

Table legend: (Time is in decaauts)
 A = Elapsed time spent in this place.
 B = Non-inter-level travel time spent in this place.
 C = Inter-level travel time spent in this place.
 D = Time resting spent in this place.
 E = Time spent auto-exploring this place.
 F = Levels seen in this place.
 G = Mean time per level.
                   A        B        C        D        E       F      G
               +--------+--------+--------+--------+--------+-----+--------+
         Total |   7680 |   7516 |    164 |     90 |   6615 |   7 | 1097.1 |
       Dungeon |   7680 |   7516 |    164 |     90 |   6615 |   7 | 1097.1 |
               +--------+--------+--------+--------+--------+-----+--------+

Top non-repeatable levels by time:
     D:1: 1503 daAuts
     D:5: 1366 daAuts
     D:7: 1100 daAuts
     D:3: 1055 daAuts
     D:2: 933 daAuts
     D:4: 866 daAuts
     D:6: 854 daAuts
